 Dungeon Crawl Stone Soup version 0.29-a0-911-g88e6f02907 (webtiles) character file.

Game seed: 17428195598450761693

39 Alarak the Cudgeller (level 3, 0/31 HPs)
             Began as a Meteoran Fighter on July 25, 2022.
             Frozen to death by an endoplasm (4 damage)
             ... on level 2 of the Dungeon on July 26, 2022.
             The game lasted 00:01:57 (599 turns).

Alarak the Cudgeller (Meteoran Fighter)              Turns: 599, Time: 00:01:58

Health: 0/31       AC:  6    Str: 19    XL:     3   Next: 97%
Magic:  4/4        EV:  9    Int: 10    God:
Gold:   46         SH:  5    Dex: 13    Spells: 2/2 levels left

rFire   . . .      SeeInvis .   a - +0 flail
rCold   . . .      Faith    .   c - +0 buckler
rNeg    . . .      Spirit   .   b - +0 scale mail
rPois   .          Reflect  .   (no helmet)
rElec   .          Harm     .   (no cloak)
rCorr   .          Rampage  .   (no gloves)
Will    .....                   (no boots)
Stlth   ..........              (no amulet)
HPRegen 0.10/turn               (no ring)
MPRegen 0.09/turn               (no ring)

@: glowing
A: sense surroundings 1, otherworldly, glowing, explore regen
a: no special abilities


You were on level 2 of the Dungeon.
You visited 1 branch of the dungeon, and saw 2 of its levels.

You collected 46 gold pieces.

Inventory:

Hand Weapons
 a - a +0 flail (weapon)
Armour
 b - a +0 scale mail (worn)
 c - a +0 buckler (worn)
Scrolls
 e - a scroll of magic mapping {unknown}
 f - 2 scrolls of immolation {unknown}
 h - a scroll of identify {unknown}
 j - a scroll of teleportation {unknown}
Potions
 d - a potion of might
 g - 3 potions of resistance {unknown}
 i - a potion of haste {unknown}


   Skills:
 - Level 3.2 Fighting
 + Level 5.0 Maces & Flails
 - Level 3.6 Armour
 - Level 3.6 Shields


You had 2 spell levels left.
You didn't know any spells.
Your spell library contained the following spells:

 Spells                   Type           Power      Damage    Failure   Level
 Tukima's Dance           Hex            0%         N/A       99%         3
 Passage of Golubria      Tloc           0%         N/A       100%        4
 Yara's Violent Unravell  Hex/Tmut       0%         3d3       100%        5


Dungeon Overview and Level Annotations

Branches:
Dungeon (2/15) Zot: 579

Altars:

Annotations:
D:2 Terence


Innate Abilities, Weirdness & Mutations

You passively map a small area around you.
You are easily found by Zot.
You glow in the dark.
You regain HP and MP as you explore.


Message History

You are too injured to fight recklessly!
You are too injured to fight recklessly!
You are too injured to fight recklessly!
You are too injured to fight recklessly!
You are too injured to fight recklessly!
You are too injured to fight recklessly!
You are too injured to fight recklessly!
You are too injured to fight recklessly!
You are too injured to fight recklessly!
You are too injured to fight recklessly!
You hit Terence.
Terence is moderately wounded.
The goblin hits you but does no damage. Terence hits you with a +0 flail.
* * * LOW HITPOINT WARNING * * *
You block the endoplasm's attack.
You hit Terence.
Terence is heavily wounded.
You block the goblin's attack. The endoplasm freezes you.
You are frozen.
* * * LOW HITPOINT WARNING * * *
Terence hits you with a +0 flail.
* * * LOW HITPOINT WARNING * * *
The goblin hits you but does no damage.
The endoplasm hits you but does no damage.
Terence hits you but does no damage.
You hit Terence but do no damage.
Terence is heavily wounded.
The goblin completely misses you. Terence barely misses you.
The endoplasm hits you but does no damage.
You hit Terence but do no damage.
Terence is heavily wounded.
The goblin hits you but does no damage. The endoplasm closely misses you.
Terence hits you but does no damage.
You hit Terence but do no damage.
Terence is heavily wounded.
The goblin barely misses you. The endoplasm freezes you.
You are frozen.
You die...

#..#.## #.# #..#.#
#.#
#..#.#########.###
.................#
#.##'###########.#
* #.....# #.## .
#.....# #..# ...,*
, ......#
#######'#.....
##....#
#....g@........
#....#
#.....J@.....$.
##....#
*#...?..........
......+
+..............
......#**
#.............. *
#######
#.........##...
#(....^...# ### ,,
, #.........# * *
,* + *


You could see Terence, an endoplasm and a goblin.

Vanquished Creatures
  A worm (D:2)
  2 dart slugs
  6 bats (D:1)
  2 endoplasms (D:1)
  4 goblins
  3 hobgoblins (D:1)
  2 quokkas
  A frilled lizard (D:1)
  6 kobolds
  2 rats (D:1)
29 creatures vanquished.

Notes
Turn   | Place    | Note
-------+----------+-------------------------------------------
     0 | D:1      | Alarak the Meteoran Fighter began the quest for the Orb.
     0 | D:1      | Reached XP level 1. HP: 19/19 MP: 2/2
    53 | D:1      | Reached skill level 3 in Maces & Flails
    72 | D:1      | Reached XP level 2. HP: 22/26 MP: 3/3
   129 | D:1      | Reached skill level 4 in Maces & Flails
   134 | D:1      | Reached XP level 3. HP: 22/31 MP: 4/4
   212 | D:1      | Found a faded altar of an unknown god.
   469 | D:2      | Reached skill level 5 in Maces & Flails
   586 | D:2      | Noticed Terence
   599 | D:2      | Frozen to death by an endoplasm

Illustrated notes

Levels and vault maps discovered:
D:1:      sevenhm_arrival_forest_fort_large_2, layout_rooms,
          basic_ecumenical_altar
D:2:      layout_basic, uniq_terence

Skill      XL: |  1  2  3 |
---------------+----------+-----
Maces & Flails | 3 4 5 |  5.0
Fighting       | |  3.2
Armour         | |  3.6
Shields        | |  3.6

Action                   || total
-------------------------++-------
Melee: Flail             ||    86
Armor: Scale mail        ||    62
Dodge: Dodged            ||    32
Block: Buckler           ||    24

Table legend: (Time is in decaauts)
 A = Elapsed time spent in this place.
 B = Non-inter-level travel time spent in this place.
 C = Inter-level travel time spent in this place.
 D = Time resting spent in this place.
 E = Time spent auto-exploring this place.
 F = Levels seen in this place.
 G = Mean time per level.
                   A        B        C        D        E       F      G
               +--------+--------+--------+--------+--------+-----+--------+
         Total |    619 |    593 |     26 |      0 |    415 |   2 |  309.5 |
       Dungeon |    619 |    593 |     26 |      0 |    415 |   2 |  309.5 |
               +--------+--------+--------+--------+--------+-----+--------+

Top non-repeatable levels by time:
     D:1: 441 daAuts
     D:2: 177 daAuts
